 Dungeon Crawl Stone Soup version 0.30.0-16-gbe6223bb7e (webtiles) character file.

Game seed: 12511913279277884016

492 Edyrem the Trooper (level 7, -1/57 HPs)
             Began as a Human Monk on May 21, 2023.
             Was a Believer of Okawaru.
             Slain by a centaur (3 damage)
             ... on level 5 of the Dungeon.
             The game lasted 00:07:25 (3766 turns).

Edyrem the Trooper (Human Monk)                     Turns: 3766, Time: 00:07:26

Health: -1/57      AC: 11    Str: 11    XL:     7   Next: 37%
Magic:  5/7        EV:  9    Int: 12    God:    Okawaru [**....]
Gold:   225        SH:  0    Dex: 16    Spells: 6/6 levels left

rFire   . . .        b - +2 hand axe (elec)
rCold   . . .        d - orb {light}
rNeg    . . .        y - +0 chain mail
rPois   .            (no helmet)
rElec   .            (no cloak)
rCorr   .            r - +0 pair of gloves
SInv    +            (no boots)
Will    .....        (no amulet) Stlth
                     n - ring of see invisible
HPRegen 0.29/turn    (no ring)
MPRegen 0.10/turn

%: no passive effects
@: heroic, glowing
A: no striking features
a: Renounce Religion, Heroism


You were on level 5 of the Dungeon.
You worshipped Okawaru.
Okawaru was pleased with you.
You visited 1 branch of the dungeon, and saw 5 of its levels.

You collected 225 gold pieces.

Inventory:

Hand Weapons
 a - a +0 morningstar
 b - a +2 hand axe of electrocution (weapon)
 c - a +2 mace of holy wrath
 D - a +2 mace of venom
Missiles
 x - 2 boomerangs (quivered)
Armour
 d - an orb of light (worn)
 j - a +0 robe
 r - a +0 pair of gloves (worn)
 y - a +0 chain mail (worn)
Jewellery
 n - a ring of see invisible (left hand)
 A - a ring of fire
Wands
 t - a wand of iceblast (6)
Scrolls
 g - a scroll of noise {unknown}
 i - a scroll of fog {unknown}
 k - 7 scrolls of identify {unknown}
 l - a scroll of immolation {unknown}
 m - 2 scrolls of teleportation {unknown}
 p - 2 scrolls of blinking {unknown}
 q - a scroll of amnesia {unknown}
 z - a scroll of silence {unknown}
 B - a scroll of vulnerability {unknown}
 C - a scroll of enchant weapon {unknown}
Potions
 e - 2 potions of flight {unknown}
 f - 2 potions of degeneration {unknown}
 h - a potion of attraction {unknown}
 o - 2 potions of magic {unknown}
 s - a potion of cancellation {unknown}
 u - a potion of lignification {unknown}
 v - a potion of resistance
 w - 3 potions of curing {unknown}
 E - a potion of ambrosia


   Skills:
 + Level 5.7(10.7) Fighting
 - Level 1.1(7.2) Axes
 + Level 3.0(8.2) Maces & Flails
 + Level 1.3(6.3) Armour
 + Level 5.7(10.7) Dodging


You had 6 spell levels left.
You didn't know any spells.
Your spell library contained the following spells:

 Spells                   Type           Power      Damage    Failure   Level
 Freeze                   Ice            0%         1d3       100%        1
 Frozen Ramparts          Ice            0%         1d1       100%        3
 Hailstorm                Conj/Ice       0%         3d3       100%        3


Dungeon Overview and Level Annotations

Branches:
Dungeon (5/15)
 Temple: D:4-7

Altars:
Okawaru
Ru


Message History

You hit the ice beast but do no damage.
The ice beast hits you but does no damage.
The centaur barely misses you. The centaur kicks you.
You hit the centaur.
The centaur is moderately wounded.
You barely miss the ice beast. The centaur hits you.
The centaur kicks you but does no damage.
The ice beast barely misses you. The centaur hits you.
The centaur kicks you but does no damage.
The ice beast hits you. The ice beast freezes you!
You slash the centaur!
The centaur is severely wounded.
You hit the ice beast.
The centaur hits you but does no damage.
The centaur barely misses you. x3; The ice beast hits you.
The ice beast freezes you!
* * * LOW HITPOINT WARNING * * *
You hit the centaur.
The centaur is almost dead.
You hit the ice beast.
The centaur hits you but does no damage.
The centaur kicks you but does no damage.
The ice beast hits you but does no damage.
The centaur hits you but does no damage.
The centaur kicks you but does no damage.
You barely miss the centaur.
The centaur is almost dead.
You hit the ice beast.
The centaur hits you but does no damage.
The centaur kicks you but does no damage.
The ice beast hits you.
* * * LOW HITPOINT WARNING * * *
The ice beast freezes you!
* * * LOW HITPOINT WARNING * * *
The centaur hits you.
* * * LOW HITPOINT WARNING * * *
The centaur kicks you but does no damage.
You gain the combat prowess of a mighty hero.
The ice beast barely misses you. The centaur hits you.
You die...

###### . .... . .
#..# .# #.
#..####.##.
###.###.c.......
.......@Y...#.#..
###.........(..$.
###....)..#.#.
#...........#
#....####.#..
...####.#.####.#
#..............#
?....##.#.######
#... #<#.#


You could see an ice beast and a centaur.

Vanquished Creatures
  Grinder (D:3)
  A phantom (D:4)
  An orc priest (D:3)
  An iguana (D:4)
  An orc wizard (D:3)
  3 adders
  3 gnolls (D:4)
  A shadow imp (D:5)
  An ufetubus (D:4)
  2 dart slugs
  An orc (D:3)
  6 bats
  7 endoplasms
  2 giant cockroaches (D:1)
  5 goblins
  5 hobgoblins
  2 jackals (D:3)
  6 kobolds
  4 quokkas
  8 ball pythons
  3 frilled lizards
  5 rats (D:1)
69 creatures vanquished.

Notes
Turn   | Place    | Note
-------+----------+-------------------------------------------
     0 | D:1      | Edyrem the Human Monk began the quest for the Orb.
     0 | D:1      | Reached XP level 1. HP: 18/18 MP: 1/1
   119 | D:1      | Reached XP level 2. HP: 21/24 MP: 2/2
   391 | D:1      | Reached XP level 3. HP: 26/29 MP: 3/3
  1130 | D:2      | Found a faded altar of an unknown god.
  1671 | D:3      | Reached XP level 4. HP: 37/37 MP: 4/4
  1824 | D:3      | Found an iron altar of Okawaru.
  1824 | D:3      | Noticed Grinder
  1824 | D:3      | Paralysed by Grinder for 4 turns
  1841 | D:3      | Killed Grinder
  1842 | D:3      | Reached skill level 5 in Fighting
  1842 | D:3      | Reached skill level 5 in Dodging
  1842 | D:3      | Reached XP level 5. HP: 20/44 MP: 5/5
  1842 | D:3      | Reached XP level 6. HP: 23/51 MP: 6/6
  1967 | D:3      | HP: 1/51 [orc wizard/puff of flame (8)]
  1973 | D:3      | Became a worshipper of Warmaster Okawaru
  1973 | D:3      | Reached * piety under Okawaru
  1973 | D:3      | Reached ** piety under Okawaru
  3076 | D:4      | Reached XP level 7. HP: 42/56 MP: 7/7
  3137 | D:4      | Found a sacrificial altar of Ru.
  3433 | D:4      | Reached skill level 1 in Axes
  3433 | D:4      | Reached skill level 1 in Armour
  3740 | D:5      | Entered Level 5 of the Dungeon
  3765 | D:5      | HP: 2/57 [centaur (1)]
  3766 | D:5      | Slain by a centaur

Illustrated notes

Levels and vault maps discovered:
D:1:      onia_arrival_handbag, layout_basic, chequers_serial_rivers_room_b
D:2:      layout_basic, shapermc_ecumenical_altar_mp_vishouse,
          chequers_serial_rivers_micro_d, hangedman_abyss_or_decor_lesser_grid
D:3:      layout_loops_corners, okawaru_ov_weapons_minmay,
          kennysheep_generic_room_7, uniq_grinder
D:4:      layout_basic, nicolae_overflow_hidden_temple
D:5:      layout_loops_ring

Skill      XL: |  1  2  3  4  5  6  7 |
---------------+----------------------+-----
Fighting       | 5 |  5.7
Dodging        | 5 |  5.7
Axes           | 1 |  1.1
Armour         | 1 |  1.3
Maces & Flails | |  3.0

Action                     |  1- 3 |  4- 6 |  7- 9 || total
---------------------------+-------+-------+-------++-------
  Melee: Mace              |    50 |    56 |     6 ||   112
         Flail             |    42 |    10 |       ||    52
         Hand axe          |       |     4 |    35 ||    39
 Invoke: Heroism           |       |       |     1 ||     1
 Armour: Robe              |    22 |     8 |       ||    30
         Chain mail        |       |     3 |    34 ||    37
  Dodge: Dodged            |    66 |    46 |    25 ||   137
